AoeStats
← Aikulysses

Black Forest

503648718Analyzed
4v4 RM · 1mo ago on Sep 1, 2026· 103m 59s· 8 players
Game mode
Random Map
Map size
Large (8 player)
Population
200
Speed
Normal
Resources
Standard
Victory
Conquest
Starting age
Dark Age
Ending age
Imperial Age
RankedLock teamsTeams togetherTeam positionsShared explorationLock speedFull tech treeHidden civsTurbo modeCheats
Victory
Defeat
🇳🇱 Slavs · Netherlands
851
+14
🇨🇳 Turks · China
847
+14
🇵🇭 Italians · Philippines
829
+30
🇲🇽 Khitans · Mexico
823
+15
🇷🇺 Portuguese · Russia
801
-14
🇷🇺 Vietnamese · Russia
801
-14
🇷🇺 Bohemians · Russia
801
-14
🇷🇺 Mongols · Russia
801
-14
IvanD
1:53 Loom
16:06 Feudal Age
18:00 Wheelbarrow
17:21 Town Watch
17:52 Double-Bit Axe
17:53 Horse Collar
18:25 Fletching
23:24 Castle Age
22:29 Stone Mining
22:30 Gold Mining
24:19 Bodkin Arrow
24:51 Guard Tower
25:28 Bow Saw
26:11 Town Patrol
26:29 Hand Cart
26:49 Forging
26:38 Treadmill Crane
28:00 Heavy Plow
29:29 Ballistics
29:38 Caravan
31:10 Stone Shaft Mining
35:13 Imperial Age
33:31 Iron Casting
33:02 Scale Barding Armor
33:15 Masonry
33:20 Fortified Wall
33:20 Masonry
34:02 Arson
34:03 Gambesons
37:05 Chemistry
36:03 Murder Holes
36:14 Siege Engineers
37:12 Conscription
38:10 Two-Man Saw
37:44 Crop Rotation
37:04 Fishing Lines
40:42 Architecture
40:51 Arquebus
40:13 Elite Organ Gun
41:28 Bracer
41:29 Padded Archer Armor
42:14 Scale Mail Armor
43:15 Blast Furnace
44:40 Chain Barding Armor
44:36 Chain Mail Armor
44:37 Leather Archer Armor
49:46 Plate Barding Armor
49:41 Plate Mail Armor
48:36 Cavalier
49:16 Husbandry
49:29 Bloodlines
55:48 Ring Archer Armor
60:56 Guilds
61:17 Coinage
62:30 Man-at-Arms
62:31 Pikeman
65:48 Onager
67:34 Light Cavalry
69:27 Banking
69:59 Elite Skirmisher
70:00 Crossbowman
70:46 Thumb Ring
74:37 Keep
80:34 Halberdier
80:34 Long Swordsman
90:36 Imperial Skirmisher
90:37 Arbalester
93:59 Two-Handed Swordsman
95:58 Champion
Seeker
0:46 Loom
16:21 Feudal Age
17:12 Double-Bit Axe
23:40 Padded Archer Armor
29:40 Castle Age
30:47 Caravan
33:51 Bow Saw
40:16 Imperial Age
40:08 Chemistry
41:35 Wheelbarrow
40:54 Fletching
42:24 Ballistics
43:53 Bodkin Arrow
44:13 Leather Archer Armor
48:02 Conscription
50:07 Hand Cart
52:59 Two-Man Saw
56:57 Elite Skirmisher
59:11 Bracer
59:41 Ring Archer Armor
58:46 Imperial Skirmisher
59:53 Hand Cart
59:26 Town Watch
64:58 Forging
64:49 Scale Mail Armor
64:54 Scale Barding Armor
69:03 Siege Engineers
70:31 Crossbowman
70:52 Pikeman
74:12 Arbalester
74:31 Halberdier
76:03 Town Watch
78:18 Treadmill Crane
82:26 Houfnice
84:47 Man-at-Arms
85:27 Squires
85:14 Arson
88:49 Conscription
88:36 Wagenburg Tactics
91:20 Iron Casting
91:00 Chain Mail Armor
91:06 Chain Barding Armor
92:21 Long Swordsman
99:58 Blast Furnace
99:29 Plate Mail Armor
100:36 Two-Handed Swordsman
Shram
0:45 Loom
11:19 Feudal Age
11:55 Double-Bit Axe
11:52 Horse Collar
12:51 Wheelbarrow
14:56 Gold Mining
26:29 Castle Age
24:30 Fishing Lines
25:37 Fletching
25:48 Padded Archer Armor
27:30 Gillnets
28:02 Caravan
28:34 Hand Cart
28:32 Heavy Plow
28:53 Bow Saw
28:12 Elite Skirmisher
29:22 Treadmill Crane
34:16 Imperial Age
32:23 Ballistics
32:35 Stone Mining
34:24 Thumb Ring
34:58 Forging
34:49 Scale Mail Armor
34:44 Bodkin Arrow
35:05 Leather Archer Armor
34:55 Scale Barding Armor
35:02 Chatras
34:39 Imperial Skirmisher
36:33 Two-Man Saw
37:14 Chemistry
37:56 Iron Casting
37:37 Chain Mail Armor
37:22 Bracer
37:53 Ring Archer Armor
37:27 Bracer
37:54 Town Watch
38:47 Paper Money
39:55 Crop Rotation
39:47 Town Patrol
40:22 Ring Archer Armor
40:29 Bloodlines
40:20 Husbandry
41:42 Elite Battle Elephant
42:44 Elite Rattan Archer
50:14 Squires
49:59 Arson
50:01 Elite Fire Lancer
97:48 Pikeman
99:19 Plate Mail Armor
99:09 Chain Barding Armor
99:06 Halberdier
Guardian of Tirisfal
0:42 Loom
13:56 Feudal Age
14:31 Horse Collar
14:37 Double-Bit Axe
15:30 Wheelbarrow
22:15 Gold Mining
22:17 Stone Mining
22:40 Forging
22:30 Scale Mail Armor
22:38 Scale Barding Armor
24:26 Padded Archer Armor
26:56 Castle Age
25:27 Fletching
26:18 Man-at-Arms
26:47 Arson
27:57 Hand Cart
27:45 Heavy Plow
27:57 Bow Saw
27:44 Long Swordsman
28:26 Squires
31:27 Chain Mail Armor
31:47 Iron Casting
31:08 Bodkin Arrow
31:28 Leather Archer Armor
30:39 Pikeman
32:04 Caravan
36:25 Elite Skirmisher
37:11 Thumb Ring
41:49 Imperial Age
40:56 Chain Barding Armor
40:54 Masonry
41:05 Ballistics
40:41 Murder Holes
40:56 Fortified Wall
40:38 Guard Tower
43:19 Plate Mail Armor
43:50 Blast Furnace
42:50 Bracer
42:51 Two-Handed Swordsman
42:59 Elite Mangudai
44:14 Hoardings
43:41 Nomads
44:01 Drill
49:05 Bloodlines
48:56 Husbandry
48:17 Cavalier
49:38 Heavy Camel Rider
50:14 Capped Ram
55:13 Light Cavalry
63:15 Siege Ram
69:55 Champion
75:56 Parthian Tactics
89:20 Siege Engineers
90:16 Chemistry
89:29 Sappers
90:23 Conscription
93:26 Imperial Skirmisher
101:48 Crossbowman
103:41 Heavy Scorpion
danny dillinger
0:34 Loom
16:30 Feudal Age
24:30 Domestication
24:41 Double-Bit Axe
24:58 Gold Mining
27:41 Castle Age
25:27 Fishing Lines
28:00 Forging
27:56 Scale Barding Armor
30:59 Bow Saw
32:40 Iron Casting
36:02 Pastoralism
36:39 Fletching
36:50 Padded Archer Armor
36:51 Scale Mail Armor
37:03 Stone Mining
40:11 Chain Mail Armor
39:52 Bodkin Arrow
44:01 Imperial Age
44:01 Squires
43:47 Arson
43:47 Gambesons
44:17 Lamellar Armor
47:41 Bracer
48:13 Plate Mail Armor
50:05 Fervor
50:57 Stone Shaft Mining
53:30 Chain Barding Armor
53:26 Leather Archer Armor
53:55 Wheelbarrow
57:08 Transhumance
56:54 Elite Liao Dao
58:28 Conscription
60:01 Elite Skirmisher
61:36 Hand Cart
61:08 Town Watch
62:00 Plate Barding Armor
61:56 Ring Archer Armor
62:10 Thumb Ring
73:25 Chemistry
72:45 Ballistics
72:32 Siege Engineers
72:23 Murder Holes
72:40 Masonry
73:12 Ordo Cavalry
77:54 Crossbowman
78:29 Heavy Rocket Cart
81:13 Sanctity
Aikulysses
2:04 Loom
11:25 Feudal Age
11:57 Double-Bit Axe
12:26 Horse Collar
21:19 Castle Age
19:22 Fletching
22:22 Bow Saw
22:14 Heavy Plow
21:46 Crossbowman
23:35 Gold Mining
25:08 Thumb Ring
27:14 Elite Skirmisher
28:55 Bodkin Arrow
29:08 Pikeman
30:20 Scale Mail Armor
30:25 Squires
32:57 Bloodlines
35:39 Imperial Age
34:05 Chain Mail Armor
33:54 Padded Archer Armor
34:06 Forging
36:05 Leather Archer Armor
35:56 Scale Barding Armor
35:35 Light Cavalry
38:37 Wheelbarrow
41:02 Chemistry
40:23 Ballistics
39:44 Treadmill Crane
40:00 Murder Holes
40:16 Masonry
40:32 Hand Cart
41:08 Arbalester
43:53 Bracer
43:41 Hussar
45:19 Plate Mail Armor
48:43 Iron Casting
49:46 Conscription
61:26 Husbandry
67:00 Blast Furnace
68:14 Two-Man Saw
68:05 Chain Barding Armor
71:09 Guilds
81:55 Plate Barding Armor
88:29 Crop Rotation
89:34 Caravan
94:48 Ring Archer Armor
96:15 Elite Genoese Crossbowman
Eppo
12:38 Feudal Age
16:28 Castle Age
14:36 Double-Bit Axe
18:41 Horse Collar
21:46 Heavy Plow
23:16 Wheelbarrow
22:29 Fishing Lines
24:49 Bow Saw
26:23 Hand Cart
26:13 Town Watch
27:20 Gold Mining
27:21 Stone Mining
27:31 Stone Mining
28:19 Loom
31:45 Imperial Age
29:26 Detinets
30:22 Town Patrol
31:00 Gold Shaft Mining
30:39 Forging
30:30 Scale Mail Armor
30:35 Squires
29:59 Man-at-Arms
33:34 Conscription
33:17 Druzhina
32:44 Pikeman
32:45 Long Swordsman
32:52 Capped Ram
34:49 Two-Man Saw
33:43 Two-Handed Swordsman
34:52 Onager
35:52 Caravan
36:14 Champion
37:41 Iron Casting
37:22 Chain Mail Armor
37:20 Siege Onager
39:35 Chemistry
38:47 Masonry
38:41 Murder Holes
44:14 Guard Tower
49:12 Plate Mail Armor
49:53 Blast Furnace
50:12 Bloodlines
49:23 Light Cavalry
50:24 Scale Barding Armor
51:23 Hussar
52:48 Chain Barding Armor
58:20 Plate Barding Armor
59:36 Halberdier
65:20 Fletching
69:27 Husbandry
75:05 Bodkin Arrow
75:51 Ballistics
75:56 Siege Engineers
94:04 Hoardings
摘星怪
6:49 Loom
12:27 Feudal Age
14:45 Double-Bit Axe
17:49 Castle Age
15:35 Horse Collar
15:48 Stone Mining
19:36 Wheelbarrow
19:26 Bow Saw
25:24 Gold Mining
28:51 Hand Cart
29:42 Gold Shaft Mining
30:18 Heavy Plow
34:54 Imperial Age
33:50 Town Watch
34:41 Treadmill Crane
35:13 Masonry
35:54 Forging
35:50 Scale Barding Armor
36:51 Two-Man Saw
36:17 Conscription
36:01 Artillery
37:49 Ballistics
37:44 Fortified Wall
37:55 Bombard Tower
38:06 Architecture
38:21 Iron Casting
38:07 Chain Barding Armor
38:27 Bloodlines
38:17 Husbandry
39:09 Caravan
55:16 Blast Furnace
54:52 Plate Barding Armor
56:00 Heavy Camel Rider
59:13 Heated Shot
74:00 Cavalier
78:32 Cavalier
Connection lost

Rejoining the realm…

Still unreachable

The connection could not be restored.

Session expired

The server has moved on; the page needs a fresh start.